 Dungeon Crawl Stone Soup version 0.30.1-3-gfc49f6343a (webtiles) character file.

Game seed: 9301747450208805717

11 promet the Magician (level 2, 14/15 HPs)
             Began as a Deep Elf Hedge Wizard on July 27, 2023.
             Quit the game on level 1 of the Dungeon on Aug 4, 2023.
             The game lasted 00:03:14 (801 turns).

promet the Magician (Deep Elf Hedge Wizard)          Turns: 801, Time: 00:03:14

Health: 14/15      AC:  2    Str:  7    XL:     2   Next: 17%
Magic:  7/10       EV: 12    Int: 18    God:
Gold:   23         SH:  0    Dex: 14    Spells: 3/11 levels left

rFire   . . .        a - +0 short sword
rCold   . . .        (no shield)
rNeg    . . .        b - +0 robe
rPois   .            c - +0 hat
rElec   .            (no cloak)
rCorr   .            (no gloves)
SInv    .            (no boots)
Will    .....        (no amulet)
Stlth   ++           (no ring)
HPRegen 0.22/turn    (no ring)
MPRegen 0.12/turn

%: no passive effects
@: very slightly contaminated
A: no striking features
a: no special abilities


You were on level 1 of the Dungeon.
You visited 1 branch of the dungeon, and saw 1 of its levels.

You collected 23 gold pieces.

Inventory:

Hand Weapons
 a - a +0 short sword (weapon)
 k - a +0 dagger
Missiles
 f - 9 stones
Armour
 b - a +0 robe (worn)
 c - a +0 hat (worn)
Magical Staves
 e - a staff of poison
Scrolls
 g - a scroll of brand weapon {unknown}
Potions
 d - a potion of magic
 h - 2 potions of flight {unknown}
 i - a potion of mutation {unknown}
 j - a potion of cancellation {unknown}


   Skills:
 + Level 2.4 Dodging
 + Level 2.5 Stealth
 + Level 5.1 Spellcasting
 + Level 1.2 Conjurations
 + Level 1.1 Summonings
 + Level 1.1 Translocations


You had 3 spell levels left.
You knew the following spells:

 Your Spells              Type           Power      Damage    Failure   Level
a - Magic Dart            Conj           36%        1d4       8%          1
b - Slow                  Hex            16%        N/A       13%         1
c - Blink                 Tloc           16%        N/A       13%         2
d - Call Imp              Summ           16%        N/A       13%         2
e - Cigotuvi's Dreadful   Necr/Pois/Air  8%         N/A       21%         2

Your spell library contained the following spells:

 Spells                   Type           Power      Damage    Failure   Level
 Mephitic Cloud           Conj/Pois/Air  6%         N/A       32%         3


Dungeon Overview and Level Annotations

Branches:
Dungeon (1/15)

Altars:


Message History

Your cerulean imp completely misses the hobgoblin.
The hobgoblin completely misses your cerulean imp.
Your cerulean imp closely misses the hobgoblin.
The hobgoblin misses your cerulean imp.
Your cerulean imp hits the hobgoblin but does no damage.
The hobgoblin closely misses your cerulean imp.
Your cerulean imp hits the hobgoblin with a -4 spear.
Your magical contamination has completely faded away.
The hobgoblin closely misses your cerulean imp.
Your cerulean imp hits the hobgoblin with a -4 spear.
The hobgoblin dies!
Your cerulean imp disappears in a puff of smoke!
A ball python comes into view.
The ball python hisses angrily.
You hear an angry hiss.
A frilled lizard comes into view.
Casting: Call Imp (safe; 13% risk of failure)
Confirm with . or Enter, or press ? or * to list all spells.
You miscast Call Imp.
You are very lightly contaminated with residual magic.
Nothing appears to happen.
The ball python bites you. The ball python grabs you.
The ball python constricts you.
You closely miss the ball python. The ball python closely misses you.
The ball python constricts you.
You closely miss the ball python. The ball python closely misses you.
The ball python constricts you.
You hit the ball python.
The ball python is moderately wounded.
The ball python barely misses you. The ball python constricts you.
You hit the ball python.
You kill the ball python!
Casting: Call Imp (safe; 13% risk of failure)
Confirm with . or Enter, or press ? or * to list all spells.
Aiming: Magic Dart (safe; 8% risk of failure)
Press: ? - help, Shift-Dir - straight line, f - frilled lizard
Aim: a frilled lizard (100% to hit)
The magic dart hits the frilled lizard.
You kill the frilled lizard!
Welcome back, promet the Deep Elf Hedge Wizard.
Press ? for a list of commands and other information.
Are you sure you want to abandon this character and quit the game? (Confirm with "yes".)

~~≈≈≈≈≈~≈≈≈~.#
.~≈≈~~~~~~~..# ###
..~~...~.....# #..
.~~....~.....# #.#
######.##.#.†#####.#
#................#.#
..####.##.#..###.#.# #
### #.##.#..#
#.#.##.#..## #
#.......###@.†........
##
####.....########.....
.# #####.# ...
.####### #.# ## #
.......#### #.# ...
..........# #.# ....
.....>....# #.##.....
#........## #........
#........## #.##.....


There were no monsters in sight!

Vanquished Creatures
  A dart slug (D:1)
  A bat (D:1)
  3 ball pythons (D:1)
  A frilled lizard (D:1)
  2 kobolds (D:1)
  2 rats (D:1)
10 creatures vanquished.

Vanquished Creatures (collateral kills)
  A hobgoblin (D:1)
1 creature vanquished.

Grand Total: 11 creatures vanquished

Notes
Turn   | Place    | Note
-------+----------+-------------------------------------------
     0 | D:1      | promet the Deep Elf Hedge Wizard began the quest for the
                  | Orb.
     0 | D:1      | Reached XP level 1. HP: 10/10 MP: 7/7
   621 | D:1      | Found a faded altar of an unknown god.
   690 | D:1      | Reached skill level 5 in Spellcasting
   690 | D:1      | Reached XP level 2. HP: 13/15 MP: 5/10
   693 | D:1      | Learned a level 1 spell: Slow
   696 | D:1      | Learned a level 2 spell: Blink
   699 | D:1      | Learned a level 2 spell: Call Imp
   702 | D:1      | Learned a level 2 spell: Cigotuvi's Dreadful Rot
   801 | D:1      | Quit the game

Illustrated notes

Levels and vault maps discovered:
D:1:      dpeg_arrival_snail, layout_loops_cross,
          chequers_ecumenical_altar_island

Skill      XL: |  1 |
---------------+----+-----
Spellcasting   | 5 |  5.1
Dodging        | |  2.4
Stealth        | |  2.5
Conjurations   | |  1.2
Summonings     | |  1.1
Translocations | |  1.1

Action                     || total
---------------------------++-------
  Melee: Dagger            ||    24
         Short sword       ||     4
   Cast: Magic Dart        ||     7
         Call Imp          ||     1
   Stab: Sleeping          ||     1
 Armour: Robe              ||     2
  Dodge: Dodged            ||    19
